 Dungeon Crawl Stone Soup version 0.29.1-1-gd02db6906a (webtiles) character file.

Game seed: 10833174624251577892

5485 sleeves the Tainter (level 10, -3/67 HPs)
             Began as a Palentonga Venom Mage on Sept 26, 2022.
             Was an Initiate of Gozag.
             Slain by a black mamba (15 damage)
             ... on level 2 of the Lair of Beasts.
             The game lasted 00:58:44 (14700 turns).

sleeves the Tainter (Palentonga Venom Mage)        Turns: 14700, Time: 00:58:45

Health: -3/67      AC: 14    Str: 15    XL:     10   Next: 42%
Magic:  13/13      EV:  8    Int: 19    God:    Gozag
Gold:   201        SH:  8    Dex: 10    Spells: 2/13 levels left

rFire   + . .      SeeInvis +     - Unarmed
rCold   . . .      Faith    .   B - +0 kite shield
rNeg    . . .      Spirit   .   a - +0 robe
rPois   .          Reflect  .   (helmet currently unavailable)
rElec   .          Harm     .   C - scarf {+Inv}
rCorr   .          Rampage  .   p - +2 pair of gloves
Will    .....                   (no barding)
Stlth   +.........              (no amulet)
HPRegen 0.21/turn               i - ring of protection from fire
MPRegen 0.13/turn               v - ring of flight

@: lethally poisoned (-3 -> -7), appendages (expiring), flying, hasted, curled
up, very quick
A: horns 2, talons 2, large, rugged brown scales 3, see invisible, deformed
body, roll 1, armoured tail, reflexive curl
a: Rolling Charge, End Transformation, Renounce Religion, Evoke Invisibility,
Potion Petition, Call Merchant, Bribe Branch


You were on level 2 of the Lair of Beasts.
You worshipped Gozag.
Gozag was aware of your devotion.
You had temporarily grown beastly horns and talons.
You visited 3 branches of the dungeon, and saw 12 of its levels.

You collected 702 gold pieces.
You paid 501 gold pieces to Gozag.

Inventory:

Hand Weapons
 b - a +0 dagger of electrocution
   (You took it off a kobold on level 1 of the Dungeon)
Missiles
 d - 13 poisoned darts
 f - 4 curare-tipped darts
Armour
 a - a +0 robe (worn)
 m - the +1 ring mail of the Kettle-Drum {rElec Will++ Regen+ Int-4}
   (You found it on level 2 of the Dungeon)

   Int:       It affects your intelligence (-4).
   rElec:     It insulates you from electricity.
   Regen:     It increases your rate of health regeneration.
   Will:      It greatly increases your willpower.
 p - a +2 pair of gloves (worn)
   (You found it on level 8 of the Dungeon)
 B - a +0 kite shield (worn)
   (You found it on level 4 of the Dungeon)
 C - a scarf of invisibility (worn)
   (You found it on level 9 of the Dungeon)
 G - a +0 helmet (melded)
   (You found it on level 8 of the Dungeon)
Jewellery
 i - a ring of protection from fire (left hand)
   (You found it on level 2 of the Dungeon)
 v - a ring of flight (right hand)
   (You found it on level 4 of the Dungeon)
Wands
 k - a wand of flame (1)
   (You found it on level 2 of the Dungeon)
 F - a wand of quicksilver (5)
   (You found it on level 7 of the Dungeon)
 H - a wand of roots (1)
   (You took it off an orc priest on level 8 of the Dungeon)
Scrolls
 o - 2 scrolls of silence
 q - a scroll of teleportation
 t - 2 scrolls of immolation
 u - 4 scrolls of torment
 y - a scroll of summoning
 z - 2 scrolls of enchant weapon
 A - 2 scrolls of fog
Potions
 c - 2 potions of brilliance
 g - 2 potions of magic
 h - 2 potions of might
 j - a potion of heal wounds {unknown}
 l - 3 potions of ambrosia
 n - a potion of lignification {unknown}
 r - 2 potions of haste
 s - a potion of berserk rage
 x - 2 potions of flight
 D - a potion of degeneration {unknown}


   Skills:
 + Level 3.7 Armour
 - Level 1.5 Dodging
 - Level 1.2 Stealth
 + Level 4.3 Shields
 - Level 7.4 Unarmed Combat
 - Level 2.0 Spellcasting
 - Level 3.2 Transmutations
 - Level 10.0 Poison Magic


You had 2 spell levels left.
You knew the following spells:

 Your Spells              Type           Power      Damage    Failure   Level
a - Sting                 Tmut/Pois      100%       1d8       2%          1
b - Poisonous Vapours     Pois/Air       40%        N/A       8%          2
c - Olgreb's Toxic Radia  Pois           39%        N/A       6%          4
d - Mephitic Cloud        Conj/Pois/Air  14%        N/A       30%         3
e - Beastly Appendage     Tmut           28%        N/A       11%         1

Your spell library contained the following spells:

 Spells                   Type           Power      Damage    Failure   Level
 Wereblood                Tmut           14%        N/A       16%         2
 Necrotise                Necr           4%         1d4       36%         1
 Blink                    Tloc           2%         N/A       50%         2
 Spider Form              Tmut/Pois      26%        N/A       8%          3
 Confusing Touch          Hex            1%         N/A       75%         3
 Dazzling Flash           Conj/Hex       2%         N/A       75%         3
 Gell's Gravitas          Tloc           1%         N/A       75%         3
 Lesser Beckoning         Tloc           1%         N/A       75%         3
 Ozocubu's Armour         Ice            1%         N/A       75%         3
 Teleport Other           Tloc           1%         N/A       75%         3
 Vampiric Draining        Necr           1%         2d6       75%         3
 Yara's Violent Unravell  Hex/Tmut       3%         3d4       99%         5
 Agony                    Necr           1%         N/A       100%        5
 Manifold Assault         Tloc           1%         N/A       100%        5
 Silence                  Hex/Air        0%         N/A       100%        5
 Enfeeble                 Hex            0%         N/A       100%        7
 Ozocubu's Refrigeration  Ice            0%         4d7       100%        7


Dungeon Overview and Level Annotations

Branches:
Dungeon (9/15)             Temple (1/1) D:7            Lair (1/5) D:8
    Orc (0/2) D:9

Altars:
Ashenzari
Cheibriados
Dithmenos
Elyvilon
Fedhas
Gozag
Kikubaaqudgha
Makhleb
Nemelex Xobeh
Okawaru
Qazlal
Uskayaw
Wu Jian
Xom
Yredelemnul
Zin

Shops:
D:2 =   D:6 [

Annotations:
D:2 1 runed translucent door, Crazy Yiuf


Innate Abilities, Weirdness & Mutations

You have temporarily grown beastly horns and talons.
You are completely covered in rugged brown scales. (AC +3, +7% HP)
You have supernaturally acute eyesight. (SInv)
Armour fits poorly on your strangely shaped body.
You can roll at nearby foes to attack.
You have a long armoured tail.
You curl defensively after being hit. (AC +7*)


Message History

Casting: Beastly Appendage (safe; 30% risk of failure)
Confirm with . or Enter, or press ? or * to list all spells.
You grow a pair of large bovine horns.
Your feet morph into talons.
You block the yak's attack.
You hit the yak. You tail-slap the yak.
The yak is moderately wounded.
The yak barely misses you.
You hit the yak. Your kick misses the yak.
The yak is heavily wounded.
The yak gores you.
You hit the yak but do no damage. You claw the yak, but do no damage.
The yak is heavily wounded.
Your transformation is almost over.
The yak gores you.
You barely miss the yak. You claw the yak, but do no damage.
The yak is heavily wounded.
The yak completely misses you.
You hit the yak but do no damage.
Your tail-slap misses the yak.
The yak is heavily wounded.
The yak gores you but does no damage.
Your magical contamination has completely faded away.
You hit the yak but do no damage. You claw the yak, but do no damage.
The yak is heavily wounded.
You block the yak's attack.
You barely miss the yak. You headbutt the yak!
The yak is almost dead.
The yak barely misses you.
You hit the yak. You claw the yak, but do no damage.
The yak is almost dead.
The yak gores you. The yak closely misses you.
You hit the yak.
You kill the yak!
You have reached level 10!
Your horns disappear.
Your talons disappear.
HP restored.
Magic restored.
You now have 344 gold pieces (gained 11).
G - a +0 helmet
Things that are here:
a +0 trident; a +0 robe; a +0 dagger You see here a +0 shortbow of flaming.
d - 13 poisoned darts (gained 3)
You see here a +0 whip.
Things that are here:
a +0 robe; a +4 trident
q - 3 scrolls of teleportation (gained 1)
Things that are here:
a +0 robe; a +0 flail
Things that are here:
a +0 robe; a +3 spear A water moccasin comes into view.
The water moccasin hisses angrily.
Casting: Beastly Appendage (safe; 30% risk of failure)
Confirm with . or Enter, or press ? or * to list all spells.
You don't know that spell.
Casting: Beastly Appendage (safe; 30% risk of failure)
Confirm with . or Enter, or press ? or * to list all spells.
You grow a pair of large bovine horns.
Your feet morph into talons.
The water moccasin bites you!
You are poisoned.
The water moccasin poisons you!
You miss the water moccasin. Your kick misses the water moccasin.
Your tail-slap misses the water moccasin.
You feel very sick.
The water moccasin bites you but does no damage.
You closely miss the water moccasin. Your kick misses the water moccasin.
You tail-slap the water moccasin!
The water moccasin is moderately wounded.
You feel very sick. The water moccasin bites you.
The water moccasin bites you but does no damage.
You barely miss the water moccasin. Your kick misses the water moccasin.
The water moccasin is moderately wounded.
You feel sick. You block the water moccasin's attack.
You barely miss the water moccasin. Your kick misses the water moccasin.
The water moccasin is moderately wounded.
You feel sick.
The water moccasin closely misses you. x2
You barely miss the water moccasin. Your kick misses the water moccasin.
The water moccasin is moderately wounded.
You feel sick. The water moccasin barely misses you.
You punch the water moccasin! Your kick misses the water moccasin.
Your tail-slap misses the water moccasin.
The water moccasin is heavily wounded.
You feel sick. The water moccasin bites you!
You are more poisoned.
The water moccasin poisons you!
Press: ? - help, v - describe, . - travel
Here: a water moccasin (heavily wounded)
The floor, spattered with blood.
Unknown command.
Unknown command.
Unknown command.
Unknown command.
Unknown command.
Aiming: Quicksilver Bolt
Press: ? - help, Shift-Dir - straight line, f - water moccasin
Aim: a water moccasin (heavily wounded, 53% to hit)
Okay, then.
You hit the water moccasin. Your kick misses the water moccasin.
The water moccasin is severely wounded.
You feel very sick. The water moccasin bites you.
* * * LOW HITPOINT WARNING * * *
You are more poisoned.
The water moccasin poisons you! You block the water moccasin's attack.
You hit the water moccasin.
Your tail-slap misses the water moccasin.
The water moccasin is severely wounded.
You feel very sick. The water moccasin bites you.
* * * LOW HITPOINT WARNING * * *
You barely miss the water moccasin.
Your headbutt misses the water moccasin.
The water moccasin is severely wounded.
Your transformation is almost over.
* * * LOW HITPOINT WARNING * * *
You feel very sick. The water moccasin bites you.
* * * LOW HITPOINT WARNING * * *
You feel better. The water moccasin bites you.
* * * LOW HITPOINT WARNING * * *
The water moccasin bites you.
* * * LOW HITPOINT WARNING * * *
You closely miss the water moccasin.
The water moccasin is severely wounded.
The water moccasin bites you but does no damage.
You punch the water moccasin!
You kill the water moccasin!
Your Shields skill increases to level 2!
You start resting.
Your horns disappear.
Your talons disappear.
HP restored.
You now have 349 gold pieces (gained 5).
An orc priest is nearby!
You miscast Poisonous Vapours.
You are very lightly contaminated with residual magic.
Nothing appears to happen.
The orc priest shouts!
You miscast Poisonous Vapours.
Nothing appears to happen.
You miscast Poisonous Vapours.
Nothing appears to happen.
Poisonous vapours surround the orc priest!
The orc priest is poisoned.
Poisonous vapours surround the orc priest!
The orc priest looks even sicker.
The orc priest calls down the wrath of Beogh upon you.
Beogh smites you!
You hit the orc priest but do no damage.
The orc priest is lightly wounded.
You block the orc priest's attack.
You hit the orc priest.
The orc priest is moderately wounded.
The orc priest hits you but does no damage.
You completely miss the orc priest.
The orc priest is moderately wounded.
The orc priest closely misses you.
You hit the orc priest but do no damage.
The orc priest is heavily wounded.
The orc priest invokes the aid of Beogh against you.
Beogh smites you!
You barely miss the orc priest.
The orc priest is heavily wounded.
The orc priest hits you but does no damage.
You hit the orc priest.
The orc priest is almost dead.
The orc priest looks braver for a moment.
You closely miss the orc priest.
You tail-slap the orc priest, but do no damage.
The orc priest is almost dead.
The orc priest mumbles some strange prayers to Beogh against you.
Beogh smites you!
You are too injured to fight recklessly!
You are too injured to fight recklessly!
You are too injured to fight recklessly!
You closely miss the orc priest.
The orc priest is almost dead.
The orc priest mumbles some strange prayers to Beogh against you.
Beogh smites you!
* * * LOW HITPOINT WARNING * * *
You punch the orc priest!
You kill the orc priest!
You start resting.
Your magical contamination has completely faded away.
You start resting.
HP restored.
You now have 352 gold pieces (gained 3).
H - a wand of roots (1)
You see here a +0 mace.
You start resting.
Magic restored.
Unknown command.
Unknown command.
An electric eel comes into view.
An electric eel is nearby!
An electric eel is nearby!
Poisonous vapours surround the electric eel!
The electric eel is poisoned.
Poisonous vapours surround the electric eel!
The electric eel looks even sicker.
The electric eel shoots out a bolt of lightning at you!
The bolt of electricity hits you. You resist.
Search for what [Enter for "dag", or ? for help]? armor
Okay, then.
You start putting on your armour.
You continue putting on your +0 helmet. x2
HP restored.
You continue putting on your +0 helmet. x2
You finish putting on your +0 helmet.
You start resting.
Magic restored.
Unknown command.
Poisonous vapours surround the electric eel!
The electric eel is poisoned.
The electric eel shoots out a bolt of lightning at you!
The bolt of electricity hits you. You resist.
Poisonous vapours surround the electric eel!
The electric eel looks even sicker.
You start resting.
HP restored.
You now have 355 gold pieces (gained 3).
You feel a bit more experienced.
You start resting.
Magic restored.
Found a robe.
An orc warrior comes into view. It is wielding a +0 war axe.
The orc warrior shouts!
You hear a shout!
An orc comes into view. It is wielding a +0 war axe.
An orc comes into view. It is wielding a +0 club.
Poisonous vapours surround the orc warrior!
The orc warrior is poisoned.
The orc shouts!
You miscast Poisonous Vapours.
You are very lightly contaminated with residual magic.
Nothing appears to happen.
Poisonous vapours surround the orc warrior!
The orc warrior looks even sicker.
Okay, then.
You miscast Poisonous Vapours.
Nothing appears to happen.
Casting: Poisonous Vapours (safe; 21% risk of failure)
Confirm with . or Enter, or press ? or * to list all spells.
Aiming: Sting (safe; 7% risk of failure)
Press: ? - help, Shift-Dir - straight line, f/p - orc warrior
Aim: an orc warrior, wielding a +0 war axe and wearing a +0 plate armour (moderately wounded, poisoned, 76% to hit)
Okay, then.
Casting: Sting (safe; 7% risk of failure)
Confirm with . or Enter, or press ? or * to list all spells.
You grow a pair of large bovine horns.
Your feet morph into talons.
Your +0 helmet melds into your body.
You barely miss the orc warrior. Your kick misses the orc warrior.
Your headbutt misses the orc warrior.
The orc warrior is heavily wounded.
The orc warrior hits you with a +0 war axe!!
You closely miss the orc warrior.
You claw the orc warrior, but do no damage.
You headbutt the orc warrior!
The orc warrior is severely wounded.
The orc warrior looks more healthy.
The orc warrior hits you with a +0 war axe!
You punch the orc warrior!
You kill the orc warrior!
Your Armour skill increases to level 2!
You closely miss the orc. Your kick misses the orc. You block the orc's attack.
You barely miss the orc. You claw the orc.
The orc is moderately wounded.
The orc barely misses you.
You completely miss the orc. Your headbutt misses the orc.
The orc is moderately wounded.
The orc hits you but does no damage.
You barely miss the orc. You claw the orc. You headbutt the orc.
You kill the orc!
Your magical contamination has completely faded away.
You barely miss the orc. The orc hits you but does no damage.
You hit the orc. Your headbutt misses the orc.
The orc is heavily wounded.
You block the orc's attack.
You hit the orc. Your kick misses the orc. You tail-slap the orc.
You kill the orc!
Your transformation is almost over.
You now have 373 gold pieces (gained 18).
Items here: ))) [.
You start resting.
Your horns disappear.
Your talons disappear.
Your +0 helmet unmelds from your body.
Items here: ))) [.
You start resting.
HP restored.
You start resting.
Magic restored.
Found a shadowy altar of Dithmenos.
Found an escape hatch in the floor.
Found 13 gold pieces.
Found a stone staircase leading down.
You now have 386 gold pieces (gained 13).
There is a stone staircase leading down here.
There is a stone staircase leading down here.
You can't see any susceptible monsters within range! (Use Z to cast anyway.)
You can't see any susceptible monsters within range! (Use Z to cast anyway.)
You can't see any susceptible monsters within range! (Use Z to cast anyway.)
You see here a +0 whip.
You see here a +0 shortbow.
You see here a +0 dagger.
Key pressed, stopping explore.
You see here a +0 dagger.
You see here a +0 shortbow.
Key pressed, stopping explore.
Done exploring.
Done exploring.
Done exploring.
Done exploring.
Unknown command.
There is a stone staircase leading down here.
You fly downwards.
Found a book of the Senses.
There is a stone staircase leading up here.
You pick up a book of the Senses and begin reading...
You add the spells Dazzling Flash and Silence to your library.
Found a stone staircase leading down.
Found 3 stones.
You now have enough gold to petition Gozag for potion effects.
You now have 404 gold pieces (gained 18).
Found 4 stones.
A yak comes into view.
The yak bellows!
A yak comes into view.
There is a stone staircase leading up here.
Poisonous vapours surround the yak!
The yak is poisoned.
You miscast Poisonous Vapours.
You are very lightly contaminated with residual magic.
Nothing appears to happen.
Poisonous vapours surround the yak!
The yak looks even sicker.
Casting: Poisonous Vapours (safe; 21% risk of failure)
Confirm with . or Enter, or press ? or * to list all spells.
You grow a pair of large bovine horns.
Your feet morph into talons.
Your +0 helmet melds into your body.
You hit the yak. Your kick misses the yak.
The yak is moderately wounded.
The yak gores you but does no damage.
You closely miss the yak. Your kick misses the yak. You headbutt the yak.
The yak is moderately wounded.
The yak gores you but does no damage.
You hit the yak. You claw the yak.
The yak is heavily wounded.
The yak gores you.
You barely miss the yak. You claw the yak.
The yak is severely wounded.
You block the yak's attack.
You punch the yak! You claw the yak.
The yak is almost dead.
You kill the yak!
Your magical contamination has completely faded away.
You now have 421 gold pieces (gained 17).
There is a stone staircase leading up here.
You start resting.
Your transformation is almost over.
Your horns disappear.
Your talons disappear.
Your +0 helmet unmelds from your body.
You start resting.
Magic restored.
Unknown command.
Found a stone staircase leading up.
Found a tin of tremorstones (2/2).
You now have 425 gold pieces (gained 4).
You reach down and open the door.
A wraith comes into view.
There is an open door here.
A wraith is nearby!
Found a runed ivory wand.
There is a stone staircase leading up here.
You fly upwards.
There is a stone staircase leading down here.
Unknown command.
(D) Dungeon (T) Temple (L) Lair (O) Orcish Mines
Where to? (Enter - D:8 @ (x,y), ? - help)
What level of the Lair of Beasts? (default 1, ? - help)
You see here a +0 short sword.
You see here a +0 shortbow of flaming.
Things that are here:
a +0 trident; a +0 robe; a +0 dagger
There is a staircase to the Lair here.
You fly downwards.
Welcome to the Lair of Beasts!
You hear a distant snort.
Hark!
There is a gateway to a gauntlet on this level.
Find the entrance quickly before the gate is sealed!
Found a scroll of identify.
There is a staircase back to the Dungeon here.
Unknown command.
Unknown command.
You start removing your armour.
You continue taking off the +1 ring mail of the Kettle-Drum {rElec Will++ Regen+ Int-4}. x4
You finish taking off the +1 ring mail of the Kettle-Drum {rElec Will++ Regen+ Int-4}.
You start putting on your armour.
You continue putting on your +0 robe. x5
You finish putting on your +0 robe.
Found a stone staircase leading down.
w - 5 scrolls of identify (gained 1)
As you read the scroll of identify, it crumbles to dust.
u - 4 scrolls of torment
As you read the scroll of identify, it crumbles to dust.
A - 2 scrolls of fog
As you read the scroll of identify, it crumbles to dust.
E - a scroll of fear
As you read the scroll of identify, it crumbles to dust.
h - 2 potions of might
As you read the scroll of identify, it crumbles to dust.
s - a potion of berserk rage
Okay, then.
A basilisk comes into view.
The basilisk hisses angrily.
You hear a howl!
A wolf comes into view.
There is a staircase back to the Dungeon here.
Casting: Beastly Appendage (safe; 11% risk of failure)
Confirm with . or Enter, or press ? or * to list all spells.
You don't know that spell.
You hear the faint beating of a very distant drum.
There is a staircase back to the Dungeon here.
Casting: Beastly Appendage (safe; 11% risk of failure)
Confirm with . or Enter, or press ? or * to list all spells.
Aiming: Poisonous Vapours (safe; 8% risk of failure)
Press: ? - help, Dir - move target, f - basilisk
Aim: a basilisk Poisonous vapours surround the basilisk!
The basilisk is poisoned.
Casting: Poisonous Vapours (safe; 8% risk of failure)
Confirm with . or Enter, or press ? or * to list all spells.
Aiming: Poisonous Vapours (safe; 8% risk of failure)
Press: ? - help, Dir - move target, f/p - basilisk
Aim: a basilisk (lightly wounded, very poisoned) Poisonous vapours surround the basilisk!
The basilisk looks even sicker.
The basilisk gazes at you. You resist with some effort.
Casting: Poisonous Vapours (safe; 8% risk of failure)
Confirm with . or Enter, or press ? or * to list all spells.
Aiming: Poisonous Vapours (safe; 8% risk of failure)
Press: ? - help, Dir - move target, f/p - basilisk
Aim: a basilisk (lightly wounded, very poisoned) Poisonous vapours surround the basilisk!
The basilisk looks as sick as possible!
You barely miss the basilisk.
You tail-slap the basilisk, but do no damage.
The basilisk is lightly wounded.
The basilisk gazes at you.
You are slowing down.
Unknown command.
You hit the basilisk but do no damage.
The basilisk is moderately wounded.
The basilisk bites you!
Your limbs are stiffening.
Unknown command.
Unknown command.
Casting: Poisonous Vapours (safe; 8% risk of failure)
Confirm with . or Enter, or press ? or * to list all spells.
Aiming: Poisonous Vapours (safe; 8% risk of failure)
Press: ? - help, Dir - move target, f/p - basilisk
Aim: a basilisk (moderately wounded, extremely poisoned) Poisonous vapours surround the basilisk!
The basilisk looks as sick as possible!
You block the basilisk's attack.
You have turned to stone.
The basilisk bites you! x2
The basilisk bites you. The basilisk bites you.
The basilisk bites you but does no damage.
The basilisk bites you but does no damage.
The basilisk bites you! The basilisk bites you.
A water moccasin comes into view.
You turn to flesh and can move again.
Unknown command.
Unknown command.
Unknown command.
Unknown command.
The water moccasin hisses angrily.
The basilisk bites you.
You fly upwards.
Welcome back to the Dungeon!
There is a staircase to the Lair here.
Unknown command.
Casting: Poisonous Vapours (safe; 8% risk of failure)
Confirm with . or Enter, or press ? or * to list all spells.
Aiming: Poisonous Vapours (safe; 8% risk of failure)
Press: ? - help, Dir - move target, f - basilisk
Aim: a basilisk (heavily wounded, very poisoned) Poisonous vapours surround the basilisk!
The basilisk looks as sick as possible!
The basilisk bites you!
You punch the basilisk! You tail-slap the basilisk!
The basilisk is almost dead.
You kill the basilisk!
You now have 432 gold pieces (gained 7).
There is a staircase to the Lair here.
You start resting.
Magic restored.
You start resting.
HP restored.
Okay, then.
Okay, then.
Okay, then.
Unknown command.
You fly downwards.
Welcome back to the Lair of Beasts!
You hear a distant snort.
Hark!
There is a gateway to a gauntlet on this level.
Find the entrance quickly before the gate is sealed!
You hear the loud beating of a very distant drum.
There is a staircase back to the Dungeon, spattered with blood here.
Unknown command.
Unknown command.
Casting: Poisonous Vapours (safe; 8% risk of failure)
Confirm with . or Enter, or press ? or * to list all spells.
You grow a pair of large bovine horns.
Your feet morph into talons.
Your +0 helmet melds into your body.
You block the water moccasin's attack.
You barely miss the water moccasin.
The water moccasin completely misses you.
The water moccasin bites you.
You miss the water moccasin. Your kick misses the water moccasin.
You headbutt the water moccasin.
The water moccasin is lightly wounded.
The water moccasin bites you but does no damage.
You closely miss the water moccasin. You claw the water moccasin.
You tail-slap the water moccasin.
The water moccasin is lightly wounded.
You block the water moccasin's attack.
You hit the water moccasin. Your kick misses the water moccasin.
Your headbutt misses the water moccasin.
The water moccasin is moderately wounded.
You block the water moccasin's attack. x2
You punch the water moccasin! Your kick misses the water moccasin.
You headbutt the water moccasin.
You tail-slap the water moccasin, but do no damage.
The water moccasin is severely wounded.
The water moccasin bites you.
You closely miss the water moccasin. Your kick misses the water moccasin.
Your headbutt misses the water moccasin.
Your tail-slap misses the water moccasin.
The water moccasin is severely wounded.
The water moccasin bites you but does no damage.
The water moccasin closely misses you.
You barely miss the water moccasin. Your kick misses the water moccasin.
The water moccasin is severely wounded.
The water moccasin closely misses you.
You hit the water moccasin.
You claw the water moccasin, but do no damage.
The water moccasin is almost dead.
The water moccasin bites you. The water moccasin bites you!
You closely miss the water moccasin. Your kick misses the water moccasin.
Your tail-slap misses the water moccasin.
The water moccasin is almost dead.
You block the water moccasin's attack.
You miss the water moccasin. Your kick misses the water moccasin.
The water moccasin is almost dead.
The water moccasin bites you.
You are poisoned.
The water moccasin poisons you!
You hit the water moccasin.
You kill the water moccasin!
Your transformation is almost over.
You feel very sick.
Your Shields skill increases to level 3!
You start resting.
You feel sick. x7
You are no longer poisoned.
You start resting.
Your horns disappear.
Your talons disappear.
Your +0 helmet unmelds from your body.
You start resting.
A wolf comes into view.
You now have 440 gold pieces (gained 8).
There is a staircase back to the Dungeon, spattered with blood here.
Casting: Beastly Appendage (safe; 11% risk of failure)
Confirm with . or Enter, or press ? or * to list all spells.
Aiming: Poisonous Vapours (safe; 8% risk of failure)
Press: ? - help, Dir - move target, f - wolf
Aim: a wolf (wandering, hasn't noticed you) Poisonous vapours surround the wolf!
The wolf is poisoned.
A wolf comes into view. x3
Casting: Poisonous Vapours (safe; 8% risk of failure)
Confirm with . or Enter, or press ? or * to list all spells.
Aiming: Poisonous Vapours (safe; 8% risk of failure)
Press: ? - help, Dir - move target, f/p - wolf
Aim: a wolf (lightly wounded, poisoned) Poisonous vapours surround the wolf!
The wolf looks even sicker.
The wolf howls! x3
The wolf bites you but does no damage.
Unknown command.
Casting: Poisonous Vapours (safe; 8% risk of failure)
Confirm with . or Enter, or press ? or * to list all spells.
You begin to radiate toxic energy.
The wolf looks even sicker.
The wolf is poisoned. x2
The wolf howls!
The wolf is poisoned. x2; The wolf looks as sick as possible!
The wolf looks even sicker. x3; You block the wolf's attack.
Casting: Olgreb's Toxic Radiance (dangerous; 6% risk of failure)
Confirm with . or Enter, or press ? or * to list all spells.
Your toxic radiance grows in intensity.
The wolf looks as sick as possible!
The wolf looks even sicker. x2
* * * LOW MAGIC WARNING * * *
The wolf looks even sicker.
The wolf looks as sick as possible!
The wolf bites you. The wolf closely misses you.
You miss the wolf.
The wolf is severely wounded.
The wolf looks as sick as possible! x3; The wolf looks even sicker.
The wolf bites you. You block the wolf's attack.
The wolf bites you but does no damage. You block the wolf's attack.
You punch the wolf!
You kill the wolf!
The wolf looks as sick as possible!
The wolf looks even sicker.
The wolf is distracted by your dazzling golden aura.
You block the wolf's attack. The wolf barely misses you.
You barely miss the wolf.
The wolf is severely wounded.
The wolf is no longer distracted by gold.
The wolf howls!
Your toxic aura wanes.
The wolf bites you. The wolf barely misses you. The wolf bites you.
* * * LOW HITPOINT WARNING * * *
You block the wolf's attack.
You hit the wolf.
You tail-slap the wolf, but do no damage.
The wolf is almost dead.
The wolf bites you.
* * * LOW HITPOINT WARNING * * *
The wolf bites you but does no damage. The wolf barely misses you. x2
You block the wolf's attack. The wolf barely misses you.
A komodo dragon comes into view.
You kill the wolf!
The komodo dragon is distracted by your dazzling golden aura.
The wolf bites you.
* * * LOW HITPOINT WARNING * * *
Unknown command.
Unknown command.
You miss the wolf.
The komodo dragon hisses angrily.
Your tail-slap misses the wolf.
The wolf is severely wounded.
The komodo dragon is no longer distracted by gold.
The wolf bites you.
* * * LOW HITPOINT WARNING * * *
The wolf bites you.
* * * LOW HITPOINT WARNING * * *
You closely miss the wolf.
The wolf is almost dead.
The wolf bites you!
* * * LOW HITPOINT WARNING * * *
The wolf barely misses you. The wolf bites you but does no damage.
The wolf bites you.
* * * LOW HITPOINT WARNING * * *
You block the wolf's attack.
Unknown command.
Unknown command.
You hit the wolf but do no damage.
The wolf is almost dead.
You block the wolf's attack. The wolf bites you.
* * * LOW HITPOINT WARNING * * *
The wolf closely misses you. The wolf barely misses you. x2
The wolf bites you but does no damage.
Unknown command.
Unknown command.
As you read the scroll of fear, it crumbles to dust.
You assume a fearsome visage.
The wolf looks frightened! x3
The komodo dragon looks frightened!
You kill the wolf!
The wolf is distracted by your dazzling golden aura.
There is a staircase back to the Dungeon, spattered with blood here.
You see here 7 gold pieces.
The wolf is no longer distracted by gold.
Casting: Olgreb's Toxic Radiance (dangerous; 6% risk of failure)
Confirm with . or Enter, or press ? or * to list all spells.
Aiming: Poisonous Vapours (safe; 8% risk of failure)
Press: ? - help, Dir - move target, f - wolf
Aim: a wolf (almost dead, fleeing, poisoned)
Okay, then.
You barely miss the wolf.
The wolf is almost dead.
The wolf howls!
You kill the wolf!
Your Armour skill increases to level 3!
You fly upwards.
Welcome back to the Dungeon!
There is a staircase to the Lair here.
You start resting.
Magic restored.
You start resting.
HP restored.
Done exploring.
Done exploring.
Done exploring.
Done exploring.
Okay, then.
Search for what [Enter for "armor", or ? for help]? armor Unknown command.
Unknown command.
Casting: Poisonous Vapours (safe; 8% risk of failure)
Confirm with . or Enter, or press ? or * to list all spells.
You grow a pair of large bovine horns.
Your feet morph into talons.
Your +0 helmet melds into your body.
Unknown command.
You fly downwards.
Welcome back to the Lair of Beasts!
You hear a distant snort.
Hark!
There is a gateway to a gauntlet on this level.
Find the entrance quickly before the gate is sealed!
The walls and floor vibrate strangely for a moment.
There is a staircase back to the Dungeon, spattered with blood here.
You see here 7 gold pieces.
Poisonous vapours surround the wolf!
The wolf is poisoned.
Poisonous vapours surround the wolf!
The wolf looks even sicker.
Poisonous vapours surround the wolf!
The wolf looks as sick as possible!
You swing at nothing.
You miss the wolf. Your kick misses the wolf. Your headbutt misses the wolf.
The wolf is heavily wounded.
You block the wolf's attack. x2
Casting: Poisonous Vapours (safe; 8% risk of failure)
Confirm with . or Enter, or press ? or * to list all spells.
Aiming: Poisonous Vapours (safe; 8% risk of failure)
Press: ? - help, Dir - move target, f - komodo dragon, p - wolf
Aim: a komodo dragon Poisonous vapours surround the komodo dragon!
The komodo dragon is poisoned.
The wolf bites you but does no damage. You block the wolf's attack.
Casting: Poisonous Vapours (safe; 8% risk of failure)
Confirm with . or Enter, or press ? or * to list all spells.
Aiming: Poisonous Vapours (safe; 8% risk of failure)
Press: ? - help, Dir - move target, f/p - komodo dragon
Aim: a komodo dragon (lightly wounded, very poisoned) Poisonous vapours surround the komodo dragon!
The komodo dragon looks as sick as possible!
Your transformation is almost over.
You block the wolf's attack.
You closely miss the wolf.
You headbutt the wolf, but do no damage.
The wolf is almost dead.
The wolf bites you but does no damage. x2
You barely miss the wolf. You headbutt the wolf.
The wolf is almost dead.
The wolf bites you but does no damage. The wolf bites you.
Unknown command.
You hit the wolf but do no damage. Your kick misses the wolf.
The wolf is almost dead.
You kill the wolf!
You swing at nothing.
Casting: Poisonous Vapours (safe; 8% risk of failure)
Confirm with . or Enter, or press ? or * to list all spells.
Aiming: Mephitic Cloud (dangerous; 30% risk of failure)
Press: ? - help, Shift-Dir - straight line, f - komodo dragon
Aim: a komodo dragon (heavily wounded, very poisoned, chance to affect: 62%)
You miscast Mephitic Cloud.
You are very lightly contaminated with residual magic.
Nothing appears to happen.
* * * LOW MAGIC WARNING * * *
You hit the komodo dragon.
You claw the komodo dragon, but do no damage.
You tail-slap the komodo dragon.
The komodo dragon is severely wounded.
The komodo dragon bites you!!
You hit the komodo dragon but do no damage.
Your headbutt misses the komodo dragon. You tail-slap the komodo dragon!
The komodo dragon is almost dead.
You block the komodo dragon's attack.
You hit the komodo dragon but do no damage.
You claw the komodo dragon, but do no damage.
The komodo dragon is almost dead.
The komodo dragon is distracted by your dazzling golden aura.
The komodo dragon hisses angrily.
You hit the komodo dragon.
You kill the komodo dragon!
Your Shields skill increases to level 4!
Your horns disappear.
Your talons disappear.
Your +0 helmet unmelds from your body.
You now have 458 gold pieces (gained 18).
Your magical contamination has completely faded away.
You now have 465 gold pieces (gained 7).
There is a staircase back to the Dungeon, spattered with blood here.
You now have 484 gold pieces (gained 19).
There is a staircase back to the Dungeon, spattered with blood here.
You fly upwards.
Welcome back to the Dungeon!
There is a staircase to the Lair here.
You start resting.
Magic restored.
You start resting.
HP restored.
You fly downwards.
Welcome back to the Lair of Beasts!
There is a staircase back to the Dungeon, spattered with blood here.
A sourceless malevolence fills the Lair of Beasts...
You are sucked into a shaft and drop 1 floor!
The shaft crumbles and collapses.
A cane toad comes into view.
Okay, then.
Okay, then.
Roll where?
Press: ? - help, Dir - move target, f - cane toad
Aim: a cane toad (asleep)
You roll forward with a clatter of scales!
You closely miss the cane toad. The cane toad stings you!
You are poisoned.
The cane toad poisons you!
As you read the scroll of teleportation, it crumbles to dust.
You feel strangely unstable.
You feel very sick. You block the cane toad's attack.
Casting: Mephitic Cloud (dangerous; 30% risk of failure)
Confirm with . or Enter, or press ? or * to list all spells.
You grow a pair of large bovine horns.
Your feet morph into talons.
Your +0 helmet melds into your body.
You feel very sick. You block the cane toad's attack.
You closely miss the cane toad. Your headbutt misses the cane toad.
Your tail-slap misses the cane toad.
You feel very sick. The cane toad stings you!
You closely miss the cane toad. You headbutt the cane toad!
You tail-slap the cane toad!
The cane toad is moderately wounded.
Your surroundings suddenly seem different.
Found a scroll labelled LOUMAA JEFU.
You feel sick.
You feel sick.
You start resting.
You feel sick.
Your transformation is almost over.
You feel sick.
Magic restored.
You feel sick.
You start resting.
You feel sick. x3
You are no longer poisoned.
You start resting.
Your horns disappear.
Your talons disappear.
Your +0 helmet unmelds from your body.
You start resting.
A cane toad comes into view.
The cane toad gives a loud, deep croak!
Okay, then.
As you read the scroll of teleportation, it crumbles to dust.
You feel strangely unstable.
A cane toad comes into view.
Your surroundings suddenly seem different.
The cane toad moves out of view.
You start resting.
HP restored.
Found an amulet of guardian spirit.
You see here an amulet of guardian spirit.
Found a helmet.
A komodo dragon comes into view.
Casting: Beastly Appendage (safe; 11% risk of failure)
Confirm with . or Enter, or press ? or * to list all spells.
Aiming: Poisonous Vapours (safe; 8% risk of failure)
Press: ? - help, Dir - move target, f - komodo dragon
Aim: a komodo dragon (asleep) Poisonous vapours surround the komodo dragon!
The komodo dragon is poisoned.
Casting: Poisonous Vapours (safe; 8% risk of failure)
Confirm with . or Enter, or press ? or * to list all spells.
Aiming: Poisonous Vapours (safe; 8% risk of failure)
Press: ? - help, Dir - move target, f/p - komodo dragon
Aim: a komodo dragon (lightly wounded, poisoned)
You miscast Poisonous Vapours.
You are very lightly contaminated with residual magic.
Nothing appears to happen.
The komodo dragon looks more healthy.
Casting: Poisonous Vapours (safe; 8% risk of failure)
Confirm with . or Enter, or press ? or * to list all spells.
Aiming: Poisonous Vapours (safe; 8% risk of failure)
Press: ? - help, Dir - move target, f/p - komodo dragon
Aim: a komodo dragon (moderately wounded) Poisonous vapours surround the komodo dragon!
The komodo dragon is poisoned.
Casting: Poisonous Vapours (safe; 8% risk of failure)
Confirm with . or Enter, or press ? or * to list all spells.
Aiming: Poisonous Vapours (safe; 8% risk of failure)
Press: ? - help, Dir - move target, f/p - komodo dragon
Aim: a komodo dragon (moderately wounded, poisoned) Poisonous vapours surround the komodo dragon!
The komodo dragon looks even sicker.
Your magical contamination has completely faded away.
Casting: Poisonous Vapours (safe; 8% risk of failure)
Confirm with . or Enter, or press ? or * to list all spells.
Aiming: Poisonous Vapours (safe; 8% risk of failure)
Press: ? - help, Dir - move target, f/p - komodo dragon
Aim: a komodo dragon (moderately wounded, very poisoned) Poisonous vapours surround the komodo dragon!
The komodo dragon looks even sicker.
Casting: Poisonous Vapours (safe; 8% risk of failure)
Confirm with . or Enter, or press ? or * to list all spells.
You don't know that spell.
Casting: Poisonous Vapours (safe; 8% risk of failure)
Confirm with . or Enter, or press ? or * to list all spells.
You begin to radiate toxic energy.
* * * LOW MAGIC WARNING * * *
The komodo dragon looks even sicker.
The komodo dragon attacks as you move away!
You block the komodo dragon's attack.
Your toxic aura wanes.
You barely miss the komodo dragon.
The komodo dragon is severely wounded.
The komodo dragon bites you!!
You barely miss the komodo dragon.
Your tail-slap misses the komodo dragon.
The komodo dragon is severely wounded.
The komodo dragon bites you!
* * * LOW HITPOINT WARNING * * *
Casting: Olgreb's Toxic Radiance (dangerous; 6% risk of failure)
Confirm with . or Enter, or press ? or * to list all spells.
Aiming: Poisonous Vapours (safe; 8% risk of failure)
Press: ? - help, Dir - move target, f/p - komodo dragon
Aim: a komodo dragon (almost dead, very poisoned) Poisonous vapours surround the komodo dragon!
The komodo dragon looks even sicker.
* * * LOW MAGIC WARNING * * *
You block the komodo dragon's attack.
You barely miss the komodo dragon.
You tail-slap the komodo dragon, but do no damage.
The komodo dragon is almost dead.
The komodo dragon bites you but does no damage.
You punch the komodo dragon!
You kill the komodo dragon!
You now have 501 gold pieces (gained 17).
You start resting.
Magic restored.
You start resting.
HP restored.
Found a dagger.
A black mamba comes into view.
The black mamba hisses angrily.
The black mamba moves out of view.
A cane toad is nearby!
Okay, then.
Okay, then.
Press: ? - help, v - describe, . - travel
Here: a black mamba The floor.
Casting: Poisonous Vapours (safe; 8% risk of failure)
Confirm with . or Enter, or press ? or * to list all spells.
You grow a pair of large bovine horns.
Your feet morph into talons.
Your +0 helmet melds into your body.
You hit the black mamba. Your kick misses the black mamba.
The black mamba is lightly wounded.
The black mamba barely misses you. The black mamba bites you!
You are poisoned.
The black mamba poisons you!
You hit the black mamba. Your kick misses the black mamba.
The black mamba is moderately wounded.
You feel very sick.
The black mamba bites you but does no damage.
The black mamba bites you!
You are more poisoned.
The black mamba poisons you!
You hit the black mamba. Your headbutt misses the black mamba.
You tail-slap the black mamba.
The black mamba is heavily wounded.
You feel very sick. The black mamba bites you!
* * * LOW HITPOINT WARNING * * *
The black mamba barely misses you.
You feel better. You block the black mamba's attack.
The black mamba barely misses you.
You punch the black mamba! Your headbutt misses the black mamba.
The black mamba is severely wounded.
The black mamba bites you but does no damage.
You barely miss the black mamba. Your headbutt misses the black mamba.
The black mamba is severely wounded.
The black mamba bites you but does no damage.
The black mamba barely misses you.
You completely miss the black mamba. Your kick misses the black mamba.
Your headbutt misses the black mamba.
Your tail-slap misses the black mamba.
The black mamba is severely wounded.
The black mamba closely misses you. You block the black mamba's attack.
You barely miss the black mamba. Your headbutt misses the black mamba.
The black mamba is severely wounded.
The black mamba bites you!
* * * LOW HITPOINT WARNING * * *
You block the black mamba's attack.
You closely miss the black mamba. Your kick misses the black mamba.
The black mamba is severely wounded.
The black mamba closely misses you. The black mamba bites you!
* * * LOW HITPOINT WARNING * * *
You feel better. The black mamba closely misses you. The black mamba bites you!
* * * LOW HITPOINT WARNING * * *
You are lethally poisoned!
The black mamba poisons you!
Okay, then. [a] - 540 gold - haste, heal wounds, invisibility and might [b] - 300 gold - haste and heal wounds [c] - 260 gold - heal wounds and magic Purchase which effect?
You don't have enough gold for that! [a] - 540 gold - haste, heal wounds, invisibility and might [b] - 300 gold - haste and heal wounds [c] - 260 gold - heal wounds and magic Purchase which effect?
You no longer have enough gold to petition Gozag for potion effects.
You feel yourself speed up.
You feel much better.
You feel very sick. The black mamba closely misses you.
You barely miss the black mamba. Your kick misses the black mamba.
You tail-slap the black mamba, but do no damage.
The black mamba is severely wounded.
You feel sick. The black mamba bites you!
* * * LOW HITPOINT WARNING * * *
You closely miss the black mamba. You claw the black mamba.
Your headbutt misses the black mamba.
Your tail-slap misses the black mamba.
The black mamba is severely wounded.
Your transformation is almost over.
You feel sick. The black mamba bites you.
* * * LOW HITPOINT WARNING * * *
The black mamba barely misses you.
You hit the black mamba.
You claw the black mamba, but do no damage.
You tail-slap the black mamba.
The black mamba is almost dead.
You feel sick. You block the black mamba's attack.
You closely miss the black mamba. You claw the black mamba.
Your headbutt misses the black mamba.
Your tail-slap misses the black mamba.
The black mamba is almost dead.
You feel sick. You block the black mamba's attack.
You closely miss the black mamba.
The black mamba is almost dead.
You feel sick. The black mamba bites you!
You die...
Your body crumbles into a pile of gold.

#.......##
##..##..#
...###.#....#
.............#
.............#
.............#
....##.#.#P..#
....
######..##
.... #@..# ###
..... #S..#
..#P.....
##...#
.........
#...##
.F.#.....
##..# ..##
.... ...# .##
.. ..... ##
......#
.).....#


You could see a black mamba.

Vanquished Creatures
  2 komodo dragons
  Grinder (D:5)
  A basilisk (D:8)
  2 yaks
  A wyvern (D:8)
  2 water moccasins
  A sky beast (D:7)
  An orc warrior (D:8)
  A black bear (D:6)
  6 wolves
  2 ogres
  3 centaurs
  2 kobold brigands
  2 phantoms (D:4)
  Blork the orc (D:5)
  A bullfrog (D:7)
  2 necrophages
  A scorpion (D:7)
  A gnoll sergeant (D:5)
  3 wights
  7 killer bees
  2 electric eels (D:8)
  8 howler monkeys
  2 hounds
  2 jellies
  5 orc priests
  3 iguanas
  3 orc wizards
  4 gnolls
  8 adders
  3 white imps (D:8)
  6 ufetubi
  2 worms
  5 dart slugs
  22 orcs
  9 bats
  10 endoplasms
  2 giant cockroaches (D:1)
  8 goblins
  5 hobgoblins
  9 jackals
  4 quokkas
  9 ball pythons
  2 frilled lizards
  17 kobolds
  8 rats
201 creatures vanquished.

Vanquished Creatures (collateral kills)
  2 yaks (D:8)
  An ice beast (D:8)
  4 wights (D:8)
  A centaur simulacrum (D:8)
  A white imp (D:8)
  3 kobolds (D:8)
12 creatures vanquished.

Vanquished Creatures (others)
  A kobold (D:8)
  8 fungi
  6 plants
15 creatures vanquished.

Grand Total: 228 creatures vanquished

Notes
Turn   | Place    | Note
-------+----------+-------------------------------------------
     0 | D:1      | sleeves the Palentonga Venom Mage began the quest for the
                  | Orb.
     0 | D:1      | Reached XP level 1. HP: 13/13 MP: 3/3
   193 | D:1      | Reached XP level 2. HP: 16/20 MP: 0/5
   246 | D:1      | Learned a level 2 spell: Poisonous Vapours
   253 | D:1      | Found a faded altar of an unknown god.
   307 | D:1      | Reached skill level 3 in Poison Magic
   793 | D:1      | CougarLife: oh man ur still goin through it huh
   793 | D:1      | Reached XP level 3. HP: 21/25 MP: 0/6
  1441 | D:2      | Found Sousi's Jewellery Shop.
  1548 | D:2      | Found an ancient bone altar of Kikubaaqudgha.
  1659 | D:2      | Reached skill level 4 in Poison Magic
  1794 | D:2      | Reached XP level 4. HP: 24/32 MP: 2/7
  2094 | D:2      | Identified the +1 ring mail of the Kettle-Drum {rElec
                  | Will++ Regen+ Int-4}
  2264 | D:2      | Found a runed translucent door.
  2265 | D:2      | Noticed Crazy Yiuf
  2465 | D:3      | CougarLife: how much will -2 slay affect me
  2468 | D:3      | CougarLife: with stab on petrified targeets
  2468 | D:3      | sleeves: not that much
  2468 | D:3      | sleeves: u might miss more tho
  2475 | D:3      | CougarLife: monkas
  3030 | D:3      | Reached XP level 5. HP: 37/37 MP: 5/8
  3221 | D:3      | Noticed an orc warrior
  3524 | D:3      | HP: 18/37 [poisoned by an adder]
  3746 | D:3      | Reached skill level 5 in Poison Magic
  3811 | D:3      | HP: 17/37 [iguana (9)]
  4251 | D:3      | HP: 18/37 [necrophage (2)]
  4257 | D:3      | HP: 8/36 [necrophage (6)]
  4262 | D:3      | Reached XP level 6. HP: 7/43 MP: 6/9
  4606 | D:3      | HP: 13/43 [acid (9)]
  4825 | D:4      | Reached skill level 6 in Poison Magic
  4983 | D:5      | Entered Level 5 of the Dungeon
  5205 | D:4      | HP: 19/43 [phantom (4)]
  5210 | D:4      | HP: 19/43 [phantom (1)]
  5227 | D:4      | HP: 18/43 [phantom (2)]
  5230 | D:4      | HP: 4/43 [iguana (11)]
  5618 | D:4      | Gained mutation: You curl defensively after being hit. (AC
                  | +7*) [Palentonga growth]
  5618 | D:4      | Reached XP level 7. HP: 35/49 MP: 10/10
  5723 | D:4      | Learned a level 4 spell: Olgreb's Toxic Radiance
  5727 | D:4      | Learned a level 3 spell: Mephitic Cloud
  5962 | D:5      | Noticed Grinder
  6040 | D:4      | CougarLife: oh no
  6068 | D:4      | CougarLife: your rival
  6068 | D:4      | CougarLife: hes here
  6068 | D:4      | sleeves: hes ended like 4 of my games
  6068 | D:4      | sleeves: today
  6068 | D:4      | sleeves: hes back
  6068 | D:4      | CougarLife: he wants a piece of that palentonga as
  6068 | D:5      | CougarLife: ass
  6127 | D:6      | Found Uhoin's Armour Shop.
  6157 | D:6      | Reached skill level 7 in Poison Magic
  6248 | D:6      | Found a blossoming altar of Fedhas.
  6345 | D:6      | HP: 17/49 [ogre/+0 giant spiked club (32)]
  6407 | D:6      | HP: 24/49 [adder (3)]
  6410 | D:6      | HP: 11/49 [adder (1)]
  6415 | D:6      | HP: 6/49 [poisoned by an adder]
  6709 | D:6      | sleeves: most un good situation
  6765 | D:5      | Noticed Blork the orc
  6788 | D:5      | Killed Blork the orc
  7714 | D:6      | Reached skill level 1 in Unarmed Combat
  7762 | D:6      | Found a hide-covered altar of Uskayaw.
  7787 | D:6      | You are sucked into a shaft and drop 3 floors!
  7787 | D:6      | sleeves: turns out no this is the most ungoodest situation
  7831 | D:9      | Found a staircase to the Orcish Mines.
  7841 | D:8      | Noticed a wyvern
  7842 | D:8      | CougarLife: jesus christ
  7842 | D:8      | CougarLife: what the fuck happened
  7842 | D:9      | CougarLife: those are down stairs?
  7842 | D:9      | sleeves: shafted
  7842 | D:9      | CougarLife: jesus christ
  7842 | D:9      | sleeves: went up these stairs
  7842 | D:9      | sleeves: and hello
  7842 | D:9      | CougarLife: thats awful
  7844 | D:8      | Noticed a yak
  7845 | D:8      | CougarLife: i think even if you go back down youre fucked
  7845 | D:8      | CougarLife: yeah jesus christ
  7845 | D:8      | HP: 21/47 [yak (8)]
  7846 | D:8      | Noticed a yak
  7848 | D:8      | Killed a yak
  7849 | D:8      | Reached skill level 2 in Unarmed Combat
  7849 | D:8      | Reached skill level 8 in Poison Magic
  7849 | D:8      | Reached XP level 8. HP: 27/55 MP: 11/11
  7851 | D:8      | CougarLife: ur still fucked
  7865 | D:8      | Reached skill level 3 in Unarmed Combat
  7943 | D:8      | sleeves: lmfao
  7943 | D:8      | CougarLife: bro idk whats going on
  7943 | D:8      | CougarLife: in these games
  7943 | D:8      | sleeves: same
  7943 | D:8      | CougarLife: the last 2 days
  7948 | D:8      | CougarLife: im telling u
  7950 | D:8      | CougarLife: something is fucked
  7969 | D:8      | CougarLife: there aint no way
  8034 | D:8      | CougarLife: we play that many games in a week
  8038 | D:8      | CougarLife: and shit feels fine
  8038 | D:8      | CougarLife: then since yesterday
  8038 | D:8      | CougarLife: this shit every other game
  8038 | D:8      | sleeves: idk what goin on
  8038 | D:8      | CougarLife: aint no fuckin way
  8038 | D:8      | sleeves: rng is a fucked up thing
  8049 | D:8      | Found a staircase to the Lair.
  8064 | D:8      | CougarLife: naw they had to fuck with stable
  8066 | D:8      | CougarLife: aint no way
  8077 | D:8      | CougarLife: must have been a mistake
  8223 | D:8      | sleeves: lol
  8233 | D:8      | Reached skill level 4 in Unarmed Combat
  8524 | D:8      | CougarLife: ima be real wit u chief
  8524 | D:8      | CougarLife: idk how ur gonna survive this floor
  8524 | D:8      | sleeves: with pure grit
  8524 | D:8      | sleeves: and praying to god
  8536 | D:8      | CougarLife: u aint got a god to pray to lol
  8541 | D:8      | sleeves: FUCK
  8624 | D:8      | Reached skill level 5 in Unarmed Combat
  8624 | D:8      | Reached skill level 9 in Poison Magic
  8628 | D:8      | sleeves: okay
  8628 | D:8      | sleeves: so im dead maybe
  8648 | D:8      | sleeves: oh right...
  8726 | D:8      | CougarLife: what happen
  8749 | D:8      | sleeves: a eel
  8749 | D:8      | sleeves: now this guy shows up
  8749 | D:8      | sleeves: its getting better im sure
  8761 | D:8      | Reached XP level 9. HP: 60/60 MP: 12/12
  8823 | D:8      | sleeves: casual bee
  9069 | D:8      | Reached skill level 6 in Unarmed Combat
  9347 | D:7      | Found a sparkling altar of Nemelex Xobeh.
  9596 | D:5      | sleeves: i have a feeling temple is on d5
  9658 | D:5      | HP: 24/58 [wight/+0 scimitar (10)]
  9738 | D:5      | Killed Grinder
  9915 | D:5      | Reached skill level 7 in Unarmed Combat
  9915 | D:5      | Reached skill level 2 in Transmutations
 10111 | D:5      | Reached skill level 10 in Poison Magic
 10403 | D:5      | Reached skill level 3 in Transmutations
 10899 | D:6      | Found a snail-covered altar of Cheibriados.
 10922 | D:6      | HP: 24/56 [wight/+0 great sword (17)]
 11090 | D:6      | Learned a level 1 spell: Beastly Appendage
 11170 | D:6      | Reached skill level 1 in Shields
 11690 | D:7      | Found a stormy altar of Qazlal.
 11787 | D:7      | sleeves: fk
 11787 | D:7      | sleeves: big mistake
 11804 | D:7      | HP: 24/58 [acid dragon/splash of acid (32)]
 12074 | D:7      | Reached skill level 1 in Armour
 12129 | D:7      | Found a staircase to the Ecumenical Temple.
 12139 | Temple   | Entered the Ecumenical Temple
 12202 | Temple   | CougarLife: what god are you wanting
 12202 | Temple   | sleeves: i have no clue
 12202 | Temple   | sleeves: i want to go transmutations
 12202 | Temple   | sleeves: but idk what god to get
 12202 | Temple   | sleeves: if i dont get any spells im fkd
 12202 | Temple   | sleeves: so maybe just oka
 12202 | Temple   | sleeves: im also gonna level hexes eventually
 12202 | Temple   | sleeves: i got a lot of good ones
 12202 | Temple   | sleeves: only problem with oka is
 12202 | Temple   | sleeves: -3 throwing
 12202 | Temple   | sleeves: and un armed
 12202 | Temple   | sleeves: ely sounding kinda nice
 12202 | Temple   | sleeves: since dungeon has been so fkd
 12202 | Temple   | sleeves: but its d7
 12202 | Temple   | sleeves: so it is gonna be bad
 12202 | Temple   | CougarLife: yeah sounds like u need a faith amu
 12202 | Temple   | sleeves: this is tough lol no good sounds appealing
 12202 | Temple   | sleeves: god
 12202 | Temple   | sleeves: nemelex could maybe help
 12202 | Temple   | CougarLife: almost 5 am
 12202 | Temple   | CougarLife: time for me to bed
 12202 | Temple   | CougarLife: gn
 12202 | Temple   | sleeves: alright see ya
 12211 | Temple   | Became a worshipper of Gozag Ym Sagoz the Greedy
 12519 | D:8      | Reached XP level 10. HP: 61/67 MP: 5/13
 12755 | D:8      | HP: 28/67 [water moccasin (6)]
 12757 | D:8      | HP: 11/67 [water moccasin (5)]
 12761 | D:8      | Reached skill level 2 in Shields
 12832 | D:8      | HP: 28/67 [orc priest/divine providence (13)]
 13014 | D:8      | Reached skill level 2 in Armour
 13079 | D:8      | Found a shadowy altar of Dithmenos.
 13529 | Lair:1   | Entered Level 1 of the Lair of Beasts
 13767 | Lair:1   | Reached skill level 3 in Shields
 13790 | Lair:1   | HP: 32/67 [wolf (5)]
 13794 | Lair:1   | HP: 11/67 [wolf (7)]
 13795 | Lair:1   | HP: 4/67 [wolf (2)]
 13800 | Lair:1   | Reached skill level 3 in Armour
 14114 | Lair:1   | Reached skill level 4 in Shields
 14217 | Lair:1   | You are sucked into a shaft and drop 1 floor!
 14217 | Lair:2   | Noticed a cane toad
 14225 | Lair:2   | HP: 33/67 [poisoned by a cane toad]
 14244 | Lair:2   | Noticed a cane toad
 14253 | Lair:2   | Noticed a cane toad
 14470 | Lair:2   | HP: 32/67 [komodo dragon (16)]
 14680 | Lair:2   | Noticed a black mamba
 14687 | Lair:2   | HP: 24/67 [black mamba (12)]
 14692 | Lair:2   | HP: 27/67 [black mamba (7)]
 14693 | Lair:2   | HP: 13/67 [black mamba (14)]
 14698 | Lair:2   | HP: 14/67 [poisoned by a black mamba]
 14700 | Lair:2   | Slain by a black mamba

Illustrated notes

Levels and vault maps discovered:
D:1:      lightli_arrival_isolated_outpost, layout_loops_ring,
          ebering_ecumenical_altar_abandoned
D:2:      layout_basic, basic_altar, serial_shops, nicolae_shop_trees,
          uniq_crazy_yiuf_cottage
D:3:      wad_river_or_something, layout_loops_cross, serial_bayou_pond_d,
          minmay_divided_ellipse
D:4:      layout_rooms
D:5:      layout_loops_cross, uniq_grinder, uniq_blork_the_orc
D:6:      layout_basic, mainiacjoe_overflow_boulevard, cheibriados_altar_1,
          fedhas_ov_isle_minmay, tgw_trog, serial_shops, shop_statue,
          nicolae_titane
D:7:      layout_basic, kennysheep_little_box, mainiacjoe_overflow_paths,
          minmay_temple_entry_mini_moons
D:8:      layout_loops_cross, general_overflow_altar, lair_entry_dummy,
          serial_ice, serial_ice_d, serial_ice_f, serial_ice_g, serial_ice_i,
          st_stairs_5
D:9:      layout_rooms, mainiacjoe_overflow_24_doors,
          nicolae_overflow_hidden_temple
Temple:   cyrus_temple_forest
Lair:1:   lemuel_slime, layout_chaotic_city, gauntlet_entry_generic,
          beast_lair_carwin_2, lemuel_fruit_fields
Lair:2:   layout_regular_city, nicolae_spider_entry_non_spiders,
          infiniplex_staircase_pool_2, uniq_erica

Skill      XL: |  1  2  3  4  5  6  7  8  9 10 |
---------------+-------------------------------+-----
Poison Magic   | 3 4 5 6 8 9 10 | 10.0
Unarmed Combat | 2 5 7 |  7.4
Transmutations | 3 |  3.2
Shields        | 1 4 |  4.3
Armour         | 1 3 |  3.7
Dodging        | |  1.5
Stealth        | |  1.2
Spellcasting   | |  2.0

Action                   |  1- 3 |  4- 6 |  7- 9 | 10-12 || total
-------------------------+-------+-------+-------+-------++-------
Melee: Unarmed           |    21 |       |    72 |    85 ||   178
       Punch             |     1 |     1 |     8 |       ||    10
       Tailslap          |     2 |    12 |    38 |    15 ||    67
       Dagger            |    27 |   118 |   185 |       ||   330
       Kick              |       |       |     4 |    13 ||    17
       Headbutt          |       |       |     1 |     8 ||     9
Throw: Dart              |       |     1 |     1 |       ||     2
 Cast: Sting             |    70 |    97 |    71 |       ||   238
       Poisonous Vapours |       |    11 |   141 |    27 ||   179
       Beastly Appendage |       |       |     1 |     7 ||     8
       Olgreb's Toxic Ra |       |       |       |     3 ||     3
Invok: Potion Petition   |       |       |       |     1 ||     1
 Abil: Rolling Charge    |       |       |     4 |     1 ||     5
Evoke: Wand              |       |    13 |     3 |       ||    16
  Use: Scroll            |       |       |    17 |     8 ||    25
       Potion            |       |       |     2 |     3 ||     5
Armor: Robe              |    34 |    74 |    22 |    17 ||   147
       Ring mail         |       |       |   302 |     9 ||   311
Dodge: Dodged            |    33 |    65 |   274 |    27 ||   399
Block: Kite shield       |       |       |    17 |    34 ||    51
